AoeStats
← Herby

Lombardia

509820067Analyzed
4v4 RM · 3d ago on Sep 28, 2026· 15m 14s· 8 players
Game mode
Random Map
Map size
Large (8 player)
Population
200
Speed
Normal
Resources
Standard
Victory
Conquest
Starting age
Dark Age
Ending age
Imperial Age
RankedLock teamsTeams togetherTeam positionsShared explorationLock speedFull tech treeHidden civsTurbo modeCheats
Victory
Defeat
🇦🇷 Hindustanis · Argentina
1451
+14
🇦🇷 Persians · Argentina
1400
+16
🇦🇷 Armenians · Argentina
1387
+16
🇦🇷 Magyars · Argentina
1369
+18
🇯🇵 Britons · Japan
1418
-17
🇮🇳 Varangians · India
1414
-17
🇲🇽 Romans · Mexico
1386
-15
🇲🇽 Danes · Mexico
1377
-15
Herby
5:26 Loom
11:43 Feudal Age
15:54 Castle Age
14:02 Double-Bit Axe
FreakinGorkha
6:28 Loom
8:48 Feudal Age
9:39 Double-Bit Axe
[Pb] Komodo 3000
7:25 Loom
10:17 Feudal Age
15:36 Castle Age
sada-aki
5:33 Loom
8:10 Feudal Age
8:39 Double-Bit Axe
12:31 Fletching
SvS Smolf
14:25 Feudal Age
SvS Sabach
5:29 Loom
8:48 Feudal Age
SvS Zaoh
8:15 Loom
10:30 Feudal Age
15:38 Castle Age
SvS CHEO
11:33 Feudal Age
15:14 Castle Age
13:01 Double-Bit Axe
Connection lost

Rejoining the realm…

Still unreachable

The connection could not be restored.

Session expired

The server has moved on; the page needs a fresh start.